Map: Oxide LE

Players

Ballsofsteel

  • Race: Terran Terran
  • League: Master

IIIIIIIIIIII - Winner!

  • Race: Protoss Protoss
  • League: Master

VOD

Have the link to the VOD?

Description

Time

  • Played on: June 20, 2021, 2:13 p.m.
  • Length: 8:29
Show
View Real Time Build Order
Export as new Build Order

Ballsofsteel Terran 

Build Orders:  

Get SALT Encoding   

  12  0:00  SCV  
  13  0:12  SCV  
  14  0:17  Supply Depot  
  14  0:24  SCV  
  15  0:38  SCV  
  15  0:40  Barracks  
  16  0:43  Refinery  
  16  0:50  SCV  
  17  1:03  SCV  
  18  1:16  SCV  
  19  1:28  Barracks Reactor  
  19  1:29  Orbital Command  
  19  1:45  Command Center  
  19  1:55  Supply Depot  
  19  1:56  SCV  
  20  2:02  Bunker  
  20  2:06  Marine  
  21  2:08  SCV  
  21  2:14  Marine  
  23  2:21  SCV  
  24  2:25  Factory  
  24  2:28  Marine  
  25  2:34  SCV  
  25  2:36  Refinery  
  26  2:46  SCV  
  27  2:52  Marine x2  
  30  2:58  SCV  
  30  3:00  Orbital Command  
  30  3:09  Factory Tech Lab, Starport  
  30  3:11  SCV, Marine  
  32  3:17  Engineering Bay  
  32  3:24  Marine  
  32  3:26  SCV  
  34  3:27  SCV  
  34  3:31  Marine  
  36  3:37  Siege Tank  
  36  3:38  SCV  
  36  3:40  SCV  
  41  3:43  Missile Turret  
  41  3:46  Marine  
  42  3:50  SCV  
  42  3:53  SCV  
  42  3:54  Supply Depot  
  44  4:02  SCV  
  45  4:05  SCV  
  46  4:15  SCV, Siege Tank, Medivac  
  46  4:16  Supply Depot  
  52  4:17  SCV  
  52  4:23  Terran Infantry Weapons Level 1  
  53  4:25  Marine  
  54  4:36  Command Center  
  54  4:38  SCV x2, Marine  
  57  4:44  Refinery  
  57  4:46  Supply Depot  
  57  4:50  SCV x2  
  59  4:58  Barracks  
  59  5:00  Barracks  
  59  5:02  SCV x2  
  59  5:03  Marine  
  62  5:07  Marine  
  62  5:10  Siege Tank  
  66  5:14  Supply Depot, SCV  
  66  5:17  SCV  
  66  5:21  Starport Reactor  
  68  5:26  SCV  
  65  5:29  SCV  
  59  5:38  SCV  
  58  5:43  SCV  
  59  5:51  SCV, Orbital Command  
  59  5:55  SCV  
  61  6:01  Barracks Tech Lab x2  
  61  6:03  SCV  
  62  6:05  Refinery  
  62  6:07  SCV  
  63  6:11  Missile Turret x2  
  63  6:13  Orbital Command  
  63  6:15  SCV  
  63  6:16  Missile Turret  
  63  6:17  Missile Turret  
  64  6:19  SCV  
  64  6:21  Barracks  
  64  6:22  Barracks  
  65  6:27  SCV  
  66  6:34  SCV  
  66  6:36  Marine x2, Marauder x2  
  66  6:37  Combat Shield  
  66  6:39  Stimpack  
  73  6:41  SCV  
  73  6:44  SCV  
  75  6:54  Engineering Bay  
  75  6:55  SCV x2, Armory  
  75  6:57  SCV, Marauder  
  80  7:07  SCV x2, Supply Depot  
  82  7:09  SCV  
  82  7:10  Supply Depot, Marine x2  
  82  7:12  Barracks Tech Lab  
  82  7:13  Barracks Reactor  
  85  7:16  Marine  
  85  7:19  SCV, Siege Tank, Marauder  
  92  7:23  SCV x2  
  92  7:28  Marine x2  
  96  7:31  SCV  
  96  7:34  Marauder  
  96  7:35  SCV  
  99  7:40  Marauder  
  99  7:43  SCV, Orbital Command  
  92  7:45  Marine  
  92  7:46  Marine x2  
  81  7:55  Marine  
  81  7:57  Marine  
  81  7:58  Marine  
  77  8:01  Marauder  
  77  8:03  Marauder  
  77  8:04  Marine x2  
Show
View Real Time Build Order
Export as new Build Order

IIIIIIIIIIII Protoss - Winner!

Build Orders: 1 Gate Expand, Colossus Rush 

Get SALT Encoding   

  12  0:01  Probe  
  13  0:13  Probe (Chrono Boost)  
  14  0:17  Pylon  
  14  0:25  Probe (Chrono Boost)  
  15  0:34  Probe (Chrono Boost)  
  16  0:36  Gateway  
  16  0:43  Probe  
  16  0:46  Assimilator  
  17  0:55  Probe  
  18  1:07  Probe  
  19  1:20  Probe  
  19  1:24  Cybernetics Core  
  20  1:32  Probe  
  21  1:43  Nexus  
  21  1:55  Probe  
  21  1:57  Assimilator  
  22  2:07  Pylon  
  22  2:09  Shield Battery  
  22  2:12  Probe  
  23  2:24  Adept  
  23  2:25  Probe  
  23  2:26  Robotics Facility  
  26  2:34  Warp Gate  
  27  2:37  Probe  
  27  2:49  Probe (Chrono Boost)  
  28  2:54  Adept  
  31  2:59  Probe (Chrono Boost)  
  31  3:01  Probe (Chrono Boost)  
  32  3:08  Probe (Chrono Boost)  
  32  3:10  Probe (Chrono Boost)  
  34  3:15  Probe  
  34  3:16  Robotics Bay  
  34  3:19  Probe, Assimilator  
  36  3:25  Observer (Chrono Boost)  
  37  3:27  Probe  
  37  3:30  Pylon  
  37  3:31  Probe  
  39  3:39  Warp Prism (Chrono Boost), Probe  
  40  3:44  Probe  
  43  3:54  Gateway  
  44  3:56  Gateway  
  43  4:04  Colossus (Chrono Boost)  
  49  4:10  Gravitic Drive  
  49  4:13  Probe  
  49  4:14  Probe  
  51  4:23  Pylon  
  51  4:25  Probe  
  51  4:26  Probe  
  53  4:32  Pylon  
  53  4:35  Pylon  
  53  4:41  Colossus (Chrono Boost)  
  61  5:03  Twilight Council  
  61  5:06  Pylon  
  59  5:11  Probe x2  
  61  5:15  Extended Thermal Lance  
  61  5:23  Probe, Nexus  
  62  5:38  Probe x2  
  62  5:42  Colossus (Chrono Boost)  
  64  5:43  Charge (Chrono Boost)  
  70  5:50  Probe x2  
  70  5:51  Pylon  
  70  5:56  Assimilator  
  72  5:58  Zealot  
  72  6:00  Pylon  
  72  6:02  Probe  
  72  6:03  Probe  
  76  6:05  Gateway  
  76  6:07  Sentry  
  76  6:09  Zealot  
  80  6:15  Probe  
  80  6:18  Gateway  
  81  6:20  Gateway  
  81  6:23  Zealot  
  83  6:29  Zealot  
  83  6:30  Zealot  
  87  6:36  Immortal (Chrono Boost)  
  91  6:48  Zealot  
  91  6:52  Zealot x2  
  91  6:53  Probe x2  
  99  6:59  Gateway  
  99  7:06  Zealot x3  
  105  7:14  Zealot  
  105  7:15  Probe, Zealot  
  109  7:19  Zealot  
  114  7:24  Zealot  
  114  7:27  Zealot  
  115  7:39  Zealot  
  115  7:53  Probe x2  
  115  7:57  Pylon  
  117  8:01  Forge  
  117  8:02  Forge  
  117  8:09  Probe x2  
  117  8:11  Probe  
  116  8:17  Zealot x4  
  116  8:18  Zealot x3  
Tags
 
Add a new tag
Caveats
  • Supply blocks, unpowered buildings, or Contaminate may cause inaccurate times.
  • Supply counts are checked every 10 seconds.